 Dungeon Crawl Stone Soup version 0.29.1-12-g30fa7ad0bf (webtiles) character file.

Game seed: 7167605789022584892

498 fantasyman the Conjurer (level 6, 0/45 HPs)
             Began as a Demigod Conjurer on Jan 6, 2023.
             Slain by Pikel
             ... wielding a +1 whip of flaming
              (3 damage)
             ... on level 4 of the Dungeon.
             The game lasted 00:08:37 (7296 turns).

fantasyman the Conjurer (Demigod Conjurer)          Turns: 7296, Time: 00:08:38

Health: 0/45       AC:  4    Str:  8    XL:     6   Next: 61%
Magic:  0/15       EV: 12    Int: 28    God:
Gold:   174        SH:  0    Dex: 12    Spells: 10/13 levels left

rFire   . . .      SeeInvis +   n - +4 mace
rCold   . . .      Faith    .   (no shield)
rNeg    . . .      Spirit   .   a - +0 robe
rPois   .          Reflect  .   b - +1 helmet
rElec   .          Harm     .   (no cloak)
rCorr   .          Rampage  .   (no gloves)
Will    .....                   (no boots)
Stlth   ++........              (no amulet)
HPRegen 0.15/turn               e - ring of see invisible
MPRegen 0.14/turn               (no ring)

@: no status effects
A: high MP 1, forlorn, divine attributes
a: no special abilities


You were on level 4 of the Dungeon.
You visited 1 branch of the dungeon, and saw 4 of its levels.

You collected 174 gold pieces.

Inventory:

Hand Weapons
 n - a +4 mace (weapon)
Armour
 a - a +0 robe (worn)
 b - a +1 helmet (worn)
Jewellery
 e - a ring of see invisible (left hand)
 j - a ring of fire
Wands
 f - a wand of light (9)
Scrolls
 c - a scroll of amnesia
 g - a scroll of teleportation
Potions
 d - a potion of heal wounds
 h - 2 potions of lignification
 i - a potion of ambrosia {unknown}
 k - a potion of brilliance {unknown}
 l - a potion of haste {unknown}
 m - 3 potions of curing {unknown}


   Skills:
 + Level 2.5 Dodging
 + Level 2.5 Stealth
 + Level 4.0 Spellcasting
 + Level 5.9 Conjurations


You had 10 spell levels left.
You knew the following spells:

 Your Spells              Type           Power      Damage    Failure   Level
a - Magic Dart            Conj           100%       1d8       1%          1
b - Searing Ray           Conj           76%        2d7       1%          2

Your spell library contained the following spells:

 Spells                   Type           Power      Damage    Failure   Level
 Dazzling Flash           Conj/Hex       44%        N/A       7%          3
 Gell's Gravitas          Tloc           5%         N/A       22%         3
 Lesser Beckoning         Tloc           5%         N/A       22%         3
 Teleport Other           Tloc           5%         N/A       22%         3
 Fulminant Prism          Conj/Hex       11%        3d9       22%         4
 Iskenderun's Mystic Bla  Conj/Tloc      22%        2d6       22%         4


Dungeon Overview and Level Annotations

Branches:
Dungeon (4/15)
 Temple: D:4-7

Annotations:
D:4 1 runed translucent door, Crazy Yiuf, Pikel


Innate Abilities, Weirdness & Mutations

You have an increased reservoir of magic. (+10% MP)
You shall have no god before yourself.
Your divine heritage dramatically boosts your attributes as you level up.


Message History

Pikel burns you.
The searing ray misses Pikel.
The searing ray hits the lemure.
The lemure is almost dead.
Pikel hits you with a +1 whip of flaming.
Pikel burns you.
The searing ray hits Pikel.
Pikel is almost dead.
The searing ray hits the lemure.
You kill the lemure!
That felt strangely unrewarding.
Pikel hits you with a +1 whip of flaming.
Pikel burns you.
The searing ray hits Pikel.
Pikel is almost dead.
You finish channelling your searing ray.
Pikel hits you with a +1 whip of flaming.
* * * LOW HITPOINT WARNING * * *
Pikel burns you.
* * * LOW HITPOINT WARNING * * *
You closely miss Pikel.
Pikel is almost dead.
Pikel barely misses you.
You hit Pikel.
Pikel is almost dead.
Pikel completely misses you.
Casting: Searing Ray (safe; 1% risk of failure)
Confirm with . or Enter, or press ? or * to list all spells.
Aiming: Searing Ray (safe; 1% risk of failure)
Press: ? - help, Shift-Dir - straight line, f/p - Pikel
Aim: Pikel, wielding a +1 whip of flaming and wearing a +0 robe (almost dead, 76% to hit)
The searing ray hits Pikel but does no damage.
Pikel is almost dead. (Press . to maintain the ray.) Pikel barely misses you.
You hit Pikel but do no damage.
Pikel is almost dead.
Pikel hits you with a +1 whip of flaming!
* * * LOW HITPOINT WARNING * * *
Pikel burns you.
You die...

#+# #.....# ...###'###
♣.♣♣ #.....# ..........
♣♣.♣ ###.....#
.......... ♣.♣♣
#.†)##### ..........
♣♣.♣ ##### ###.......
♣♣.♣♣ ###....... ♣.P.♣
........## P..P♣
####################..##
'..'# #......@K).....
#..## ....####
#.############# #..##
...###.# #.# #..##
.......# #.# #....
######## #.# #..#. ....#
#.# ##..> ....# #.# #.##
....# #.# #.# ....# #.#
#.#


You could see Pikel.

Vanquished Creatures
  A black bear (D:4)
  An ogre (D:4)
  4 lemures (D:4)
  An orc priest (D:3)
  A jelly (D:4)
  2 iguanas (D:4)
  An orc wizard (D:3)
  2 adders
  4 gnolls
  A shadow imp (D:4)
  3 worms
  2 dart slugs (D:3)
  11 orcs
  13 endoplasms
  6 giant cockroaches
  8 goblins
  5 hobgoblins
  12 jackals
  8 kobolds
  8 ball pythons
  3 bats
  8 frilled lizards
  4 rats
109 creatures vanquished.

Vanquished Creatures (others)
  3 fungi
3 creatures vanquished.

Grand Total: 112 creatures vanquished

Notes
Turn   | Place    | Note
-------+----------+-------------------------------------------
     0 | D:1      | fantasyman the Demigod Conjurer began the quest for the
                  | Orb.
     0 | D:1      | Reached XP level 1. HP: 14/14 MP: 5/5
   497 | D:1      | Reached XP level 2. HP: 20/20 MP: 4/7
   500 | D:1      | Learned a level 2 spell: Searing Ray
   622 | D:1      | Reached skill level 4 in Conjurations
  1475 | D:2      | Reached XP level 3. HP: 26/26 MP: 0/8
  2794 | D:2      | Reached XP level 4. HP: 4/33 MP: 0/10
  3917 | D:3      | Identified the +5 dagger of Jeis {freeze, Str+2 Int+4
                  | Stlth-}
  4130 | D:3      | Reached skill level 5 in Conjurations
  4304 | D:3      | Identified the +0 barding of Ifuskuza {rPois Str+4}
  4335 | D:3      | Reached XP level 5. HP: 18/38 MP: 0/12
  4461 | D:3      | Identified the +2 robe of Aptaura {Stlth+}
  5824 | D:4      | Noticed Pikel
  6119 | D:4      | Noticed a black bear
  6125 | D:4      | Killed a black bear
  6126 | D:4      | Reached XP level 6. HP: 45/45 MP: 4/14
  6460 | D:4      | Found a runed translucent door.
  6461 | D:4      | Noticed Crazy Yiuf
  7296 | D:4      | Slain by Pikel

Illustrated notes

Levels and vault maps discovered:
D:1:      matt_arrival_refuge, layout_rooms
D:2:      layout_loops_cross, ebering_ecumenical_altar_mist, basic_altar
D:3:      layout_loops_cross, mainiacjoe_overflow_boulevard, roderic_malta_cross
D:4:      layout_basic, tso_oasis_becter, kennysheep_small_circle,
          uniq_crazy_yiuf_cottage, uniq_pikel

Skill      XL: |  1  2  3  4  5  6 |
---------------+-------------------+-----
Spellcasting   | 2 3 4 |  4.0
Conjurations   | 4 5 |  5.9
Stealth        | 2 |  2.5
Dodging        | 2 |  2.5

Action                   |  1- 3 |  4- 6 || total
-------------------------+-------+-------++-------
Melee: Unarmed           |     2 |     3 ||     5
       Mace              |       |     3 ||     3
 Cast: Magic Dart        |    62 |    93 ||   155
       Searing Ray       |     8 |    33 ||    41
  Use: Scroll            |     5 |     4 ||     9
       Potion            |     1 |     1 ||     2
Armor: Robe              |     3 |    12 ||    15
Dodge: Dodged            |    17 |    29 ||    46
